Cogmind - Beta 17 @@@ ROGUE MODE // 2026.07.30 @ 21:47:55 Player: Elias Result: Destroyed by X-62 Marksman with Pulse Rifle Performance ------------- Evolutions (0) 0 Regions Visited (3) 600 Robots Destroyed (8) 40 Value Destroyed (43) 43 Prototype IDs (6) 120 Alien Tech Used (0) 0 Bonus (800) 800 TOTAL SCORE: 1603 Bonus ------- Registered with UFD 300 Met Optimus in HQ 500 Cogmind --------- Core Integrity 0/250 Matter 234/300 Energy 85/100 System Corruption 0% Temperature Cool (9) Movement Treading (320) Ox2 Location -9/Scraptown Parts ------- > --- POWER (1) -------- (None) > --- PROPULSION (2) --- Light Treads Aluminum Leg > --- UTILITY (2) ------ High-capacity Storage Unit > --- WEAPON (2) ------- Gauss Rifle Assault Cannon > --- INVENTORY (20) --- Nuclear Core Improved Heat Sink Energy Well (350) Advanced Sensor Array IFF Parser Improved Terrain Scanner Seismic Detector Advanced Targeting Computer Transmission Jammer A0-MCA's Component Scanner EM Pulse Gun Lightning Gun Salvaging Laser Salvaging Laser Thermic Laser Heavy Plasma Cannon Peak State ------------ > --- POWER ------------ Angular Momentum Engine > --- PROPULSION ------- Improved Carbon-fiber Leg Improved VSS Leg > --- UTILITY ---------- High-capacity Storage Unit Advanced Terrain Scanner > --- WEAPON ----------- CPS Tube Chainsword > --- INVENTORY -------- Nuclear Core Light Treads Aluminum Leg Improved Heat Sink Energy Well Advanced Sensor Array IFF Parser Improved Terrain Scanner Seismic Detector Advanced Targeting Computer Transmission Jammer A0-MCA's Component Scanner EM Pulse Gun Lightning Gun Salvaging Laser Salvaging Laser Thermic Laser Heavy Plasma Cannon Gauss Rifle Assault Cannon [Rating: 33] Favorites ----------- Power Angular Momentum Engine Engine Angular Momentum Engine Propulsion Aluminum Leg Treads Light Treads Leg Aluminum Leg Utility High-capacity Storage Unit Device Advanced Terrain Scanner Storage High-capacity Storage Unit Weapon Salvaging Laser Energy Gun Salvaging Laser Ballistic Gun Assault Rifle Ballistic Cannon Assault Cannon Special Weapon Mining Laser Slashing Weapon Chainsword Build | -11 -10 -10 -9 ------- Run | Yrd Mat Sub Scr Slots Evolved . | . . . . Power . | . . . . Propulsion . | . . . . Utility . | . . . . Weapon . | . . . . Parts Attached 20 | 8 . 2 10 Power 2 | 1 . . 1 Engine 2 | 1 . . 1 Core . | . . . . Reactor . | . . . . Propulsion 5 | 2 . . 3 Treads 1 | . . . 1 Leg 4 | 2 . . 2 Wheel . | . . . . Hover . | . . . . Flight . | . . . . Utility 5 | 3 . . 2 Device 3 | 2 . . 1 Storage 2 | 1 . . 1 Processor . | . . . . Hackware . | . . . . Protection . | . . . . Artifact . | . . . . Weapon 8 | 2 . 2 4 Energy Gun 2 | 1 . 1 . Energy Cannon . | . . . . Ballistic Gun 2 | 1 . . 1 Ballistic Cannon 1 | . . . 1 Launcher . | . . . . Special Weapon 2 | . . 1 1 Impact Weapon . | . . . . Slashing Weapon 1 | . . . 1 Piercing Weapon . | . . . . Special Melee Weapon . | . . . . Unidentified Prototypes . | . . . . Parts Lost 4 | . . . 4 Power 1 | . . . 1 Propulsion . | . . . . Utility 1 | . . . 1 Weapon 2 | . . . 2 Highest Loss Streak 4 | . . . 4 To Critical Strikes . | . . . . Average Backups 16 | 3 6 6 17 Power . | . . . . Propulsion 1 | 1 2 2 1 Utility 7 | . 2 2 7 Weapon 6 | . 2 2 6 Tool/Special . | . . . . Unused Backups 15 | . . . 15 Power 1 | . . . 1 Propulsion 1 | . . . 1 Utility 8 | . . . 8 Weapon 5 | . . . 5 Tool/Special . | . . . . Average Slot Usage (%) 99 | . 100 100 99 Engine 13 | . 14 14 13 Leg 27 | . 28 28 27 Device 13 | . 14 14 13 Storage 14 | . 14 14 14 Energy Gun 13 | . 14 14 13 Ballistic Gun 10 | . 14 9 10 Slashing Weapon 3 | . . . 3 Peak Build Rating 33 | 9 9 10 33 Average Rating 19 | 5 9 9 21 On Entrance 7 | . 9 9 10 Avg Prop Armor Cover (%) . | . . . . Naked Turns . | . . . . Heaviest Build 58 | 12 12 12 58 Greatest Support 33 | 20 20 20 33 Greatest Overweight (x) 4 | . . . 4 Average Overweight (x) 1 | . . . 1 Largest Inventory Capacity 20 | 8 8 8 20 Average Capacity 18 | 7 8 8 19 Most Carried 20 | 7 6 8 20 Average Carried 16 | 3 6 6 17 Final Capacity 20 | 8 8 8 20 Final Carried 16 | 6 6 8 16 Class Distribution -------------------- 100% | Mutant Dominant Class ---------------- Mutant | -10/Materials Mutant | -10/Subcaves Mutant | -9/Scraptown Resources | -11 -10 -10 -9 ----------- Run | Yrd Mat Sub Scr Matter Collected 489 | 300 51 78 60 Remotely . | . . . . Salvage Created 183 | 183 . . . Parts 20 | 20 . . . Haulers Intercepted . | . . . . Recyclers Shooed 1 | 1 . . . Parts Field Recycled . | . . . . Retrieved Matter . | . . . . Parts Self-Destructed 3 | . . . 3 Prevented . | . . . . Parts Restored . | . . . . Kills | -11 -10 -10 -9 ------- Run | Yrd Mat Sub Scr Combat Hostiles Destroyed . | . . . . Classes Destroyed 3 | 3 . . . Worker 2 | 2 . . . Tunneler 5 | 5 . . . Recycler 1 | 1 . . . Best Kill Streak 8 | 8 . . . Combat Bots Only . | . . . . Max Kills in Single Turn 1 | 1 . . . Gunslinging . | . . . . Exploded . | . . . . Melee . | . . . . Uniques/NPCs Destroyed . | . . . . Combat | -11 -10 -10 -9 -------- Run | Yrd Mat Sub Scr Hostile Shots Fired 50 | . . 5 45 Missed 6 | . . . 6 Hits 44 | . . 5 39 Melee 8 | . . . 8 Projectile 36 | . . 5 31 Critical Strikes 2 | . . . 2 Damage Taken 887 | . 11 96 780 Core 264 | . . 16 248 Absorbed by Shields . | . . . . Core Remaining (%) 100 | 100 . . . Volleys Fired 30 | 20 1 5 4 Largest 2 | 2 2 2 2 Hottest 140 | 60 60 140 65 Shots Fired 53 | 35 2 8 8 Gun 46 | 35 2 5 4 Cannon 4 | . . . 4 Launcher . | . . . . Special 3 | . . 3 . Kinetic 31 | 20 1 2 8 Thermal 22 | 15 1 6 . Explosive . | . . . . Electromagnetic . | . . . . Robot Hit Streak 8 | 6 2 2 8 Robot Miss Streak 2 | 2 1 1 1 Penetration Max 1 | . . . 1 Secondary Targets . | . . . . Shots Hit Robots 34 | 23 1 3 7 Core Hits 12 | 9 1 . 2 Critical Kills . | . . . . Critical Parts Destroyed 1 | 1 . . . Critical Strikes 1 | 1 . . . Destroy 1 | 1 . . . Melee Attacks 1 | . . . 1 Impact . | . . . . Slashing 1 | . . . 1 Piercing . | . . . . Sneak Attacks . | . . . . Combat Hostiles . | . . . . Follow-up Attacks . | . . . . Damage Inflicted 504 | 279 10 32 183 Guns 432 | 279 10 32 111 Cannons 72 | . . . 72 Explosions . | . . . . Melee . | . . . . Ramming . | . . . . Kinetic 373 | 180 . 10 183 Thermal 131 | 99 10 22 . Explosive . | . . . . Electromagnetic . | . . . . Impact . | . . . . Slashing . | . . . . Piercing . | . . . . Highest Corruption . | . . . . Average Corruption . | . . . . Corruption Purged . | . . . . Corruption Blocked . | . . . . Overload Shots . | . . . . Overflow Damage . | . . . . Projectiles . | . . . . Explosions . | . . . . Melee . | . . . . Knockbacks . | . . . . Impact . | . . . . Kinetic . | . . . . Secondary . | . . . . Self-Inflicted Damage . | . . . . Shots . | . . . . Rammed . | . . . . Targets Rammed . | . . . . Kicked . | . . . . Crushed . | . . . . Highest Temperature 5 | . . . 5 Average Temperature 3 | . . . 3 Received Heat Transfer 78 | . 6 . 72 Siege Activations . | . . . . Martial Activations . | . . . . Shielding Activations . | . . . . Robots Disrupted . | . . . . Combat Hostiles . | . . . . Robots Corrupted . | . . . . Combat Hostiles . | . . . . Parts Fried . | . . . . Impact Corruptions . | . . . . Robots Melted . | . . . . Combat Hostiles . | . . . . Parts Melted . | . . . . Heat Transferred 300 | 225 25 50 . Parts Sabotaged . | . . . . Parts Stolen . | . . . . Parts Stripped . | . . . . Power Chain Reactions . | . . . . Alert | -11 -10 -10 -9 ------- Run | Yrd Mat Sub Scr Maximum Alert Level . | . . . . Low Security (%) 100 | 100 100 . . Level 1 . | . . . . Level 2 . | . . . . Level 3 . | . . . . Level 4 . | . . . . Level 5 . | . . . . High Security . | . . . . Max Security . | . . . . Peak Influence 25 | 25 . . . Initial . | . . . . Average 3 | 6 . . . Influence Increases 40 | 40 . . . Destroy 0b10 Robot/NC 40 | 40 . . . Influence Decreases 40 | 40 . . . Time Decay 40 | 40 . . . Squads Dispatched . | . . . . Investigation . | . . . . Extermination . | . . . . Reinforcement . | . . . . Assault . | . . . . Garrison . | . . . . Intercept . | . . . . Searches Triggered . | . . . . Construction Impeded . | . . . . Haulers Reinforced . | . . . . Active Scanning Responses . | . . . . Cargo Convoy Interrupts . | . . . . Stealth | -11 -10 -10 -9 --------- Run | Yrd Mat Sub Scr Distress Signals . | . . . . Communications Jammed . | . . . . Distress Signals . | . . . . Times Spotted 16 | . 3 3 10 Peak Tracking Total 6 | . 2 2 6 Tactical Retreats . | . . . . Traps | -11 -10 -10 -9 ------- Run | Yrd Mat Sub Scr Traps Triggered . | . . . . Indirectly . | . . . . Trap Hack Attempts . | . . . . Triggered . | . . . . Disarmed . | . . . . Reprogrammed . | . . . . Reused . | . . . . Traps Extracted . | . . . . Installed . | . . . . Triggered . | . . . . Machines | -11 -10 -10 -9 ---------- Run | Yrd Mat Sub Scr Machines Disabled 1 | . . . 1 Max in Single Turn 1 | . . . 1 Machines Repaired . | . . . . Machines Dismantled . | . . . . Machines Sabotaged . | . . . . Overloaded Fab Kills . | . . . . Hacking | -11 -10 -10 -9 --------- Run | Yrd Mat Sub Scr Machines Accessed 4 | . . . 4 Terminals . | . . . . Fabricators . | . . . . Repair Stations . | . . . . Recycling Units . | . . . . Scanalyzers . | . . . . Garrison Access . | . . . . Total Hacks 17 | . . . 17 Successful 17 | . . . 17 Failed . | . . . . Catastrophic . | . . . . Database Lockouts . | . . . . Manual 2 | . . . 2 Terminals . | . . . . Fabricators . | . . . . Repair Stations . | . . . . Recycling Units . | . . . . Scanalyzers . | . . . . Garrison Access . | . . . . Terminal Hacks 17 | . . . 17 Record 16 | . . . 16 Proto ID Catalog 1 | . . . 1 Fabricator Hacks . | . . . . Repair Station Hacks . | . . . . Recycling Unit Hacks . | . . . . Scanalyzer . | . . . . Garrison Access Hacks . | . . . . Unauthorized Hacks . | . . . . Terminals . | . . . . Fabricators . | . . . . Repair Stations . | . . . . Recycling Units . | . . . . Scanalyzers . | . . . . Garrison Access . | . . . . Data Cores Recovered . | . . . . Used . | . . . . Hacking Detections . | . . . . Full Trace Events . | . . . . Feedback Events . | . . . . Feedback Blocked . | . . . . Robot Schematics Acquired . | . . . . Robots Built . | . . . . Authchips . | . . . . Time . | . . . . Total Robot Build Rating . | . . . . Part Schematics Acquired . | . . . . Parts Built . | . . . . Authchips . | . . . . Time . | . . . . Total Part Build Rating . | . . . . Part Studies Acquired . | . . . . Parts Repaired . | . . . . Time . | . . . . Parts Recycled . | . . . . Recycled Matter . | . . . . Retrieved Matter . | . . . . Retrieved Components . | . . . . Parts Scanalyzed . | . . . . Part Schematics Acquired . | . . . . Parts Damaged . | . . . . Bothacking | -11 -10 -10 -9 ------------ Run | Yrd Mat Sub Scr Used RIF Installer . | . . . . Robots Hacked . | . . . . Non-combat . | . . . . Combat . | . . . . Robot Hacks Applied . | . . . . Relay Couplers Released . | . . . . Fabnet Peak Effective % . | . . . . Robots Rewired . | . . . . Allies Hacked . | . . . . Hacks Repelled . | . . . . Allies | -11 -10 -10 -9 -------- Run | Yrd Mat Sub Scr Total Allies . | . . . . Largest Group . | . . . . Highest-Rated Group . | . . . . Highest-Rated Ally . | . . . . Total Orders . | . . . . Ally Attacks . | . . . . Total Damage . | . . . . Kills . | . . . . Allies Corrupted . | . . . . Allies Melted 1 | . . . 1 Intel | -11 -10 -10 -9 ------- Run | Yrd Mat Sub Scr Active Infowar (turns) 5476 | 23 105 335 5013 Terrain 5455 | 2 105 335 5013 Seismic 21 | 21 . . . Robot Analysis Total . | . . . . Derelict Logs Recovered . | . . . . Drone Launches . | . . . . Drone Recoveries . | . . . . Exploration | -11 -10 -10 -9 ------------- Run | Yrd Mat Sub Scr Turns Passed 5637 | 168 105 335 5029 Spaces Moved 1595 | 83 86 241 1185 Core 7 | 7 . . . Treads . | . . . . Legs 1588 | 76 86 241 1185 Wheels . | . . . . Hover . | . . . . Flight . | . . . . Fastest Speed 50 | 50 120 120 120 Average Speed 219 | 114 120 120 254 Slowest Speed 400 | 120 120 120 400 Overloaded Moves . | . . . . Propulsion Burnouts . | . . . . Robots Hopped . | . . . . Potential Cave-ins . | . . . . Cave-ins Triggered . | . . . . Exploration Rate (%) 29 | 3 21 11 82 Regions Visited 3 Branch Regions 2 Pre-discovered Areas . | . . . . Known Exits Taken . | . . . . Unknown Exits Taken 3 | 1 1 1 . Scrap Searched 2 | . . . 2 Spaces Dug . | . . . . Terrain Destroyed 1 | . . . 1 Melee . | . . . . Projectile 1 | . . . 1 AOE . | . . . . Terrain Rammed . | . . . . Walls Destroyed . | . . . . Machines Disabled . | . . . . Actions | -11 -10 -10 -9 --------- Run | Yrd Mat Sub Scr Total 3661 | 117 86 272 3186 Wait 1985 | . . 21 1964 Move 1592 | 82 85 240 1185 Hop . | . . . . Pick Up 24 | 7 . 2 15 Fast Attach 6 | 6 . . . Attach 5 | 1 . . 4 Detach . | . . . . Swap 11 | 1 . 3 7 Drop 7 | . . 1 6 Fire 30 | 20 1 5 4 Melee 1 | . . . 1 Ram . | . . . . Kick . | . . . . Crush . | . . . . Escape Stasis . | . . . . Rewire . | . . . . Trap . | . . . . Miscellaneous . | . . . . Route ------- -11/Scrapyard -10/Materials -10/Subcaves (discovered 2 exits: *Scr x2) -9/Scraptown History --------- Turn | Location | Event 3 | -11/Scrapyard | Discovered new exit (range 16) 169 | -11/Scrapyard | Entered Materials 170 | -10/Materials | Met a group of wandering Federalists 271 | -10/Materials | Discovered new exit (range 5) 274 | -10/Materials | Entered Subcaves 274 | -10/Subcaves | Accompanied by 4 allies 275 | -10/Subcaves | Continued accompanying wandering Federalists (5) 275 | -10/Subcaves | Approached by a straggling Scientist 302 | -10/Subcaves | Build established: Mutant 303 | -10/Subcaves | Scientist uncovered a shortcut to Scraptown 321 | -10/Subcaves | A swath of the cavern ceiling suddenly collapsed 361 | -10/Subcaves | Lost 3 allies 609 | -10/Subcaves | Entered Scraptown 875 | -9/Scraptown | Visited Symbiants 977 | -9/Scraptown | Visited Assassins FH 1039 | -9/Scraptown | Visited Cyclists 1122 | -9/Scraptown | Visited Artisan Demo Area 1226 | -9/Scraptown | Visited IN-MT5's Study 1847 | -9/Scraptown | Visited Junk Repository 1926 | -9/Scraptown | Visited The Evicted 2012 | -9/Scraptown | Visited UFD Registry 2046 | -9/Scraptown | Registered with UFD as "Hammerplate" 2111 | -9/Scraptown | Visited Science Guys 2205 | -9/Scraptown | Visited Curators Association 2267 | -9/Scraptown | Visited Junk Repository 4409 | -9/Scraptown | Visited Observation Area 4546 | -9/Scraptown | Visited Scrap Suit Storage 4632 | -9/Scraptown | Visited A0-MCA Data Center 4647 | -9/Scraptown | Given a C rating by A0-MCA 4653 | -9/Scraptown | Found A0-MCA's Component Scanner 4703 | -9/Scraptown | Visited Chapter 10 4794 | -9/Scraptown | Visited Science Testing Area 4836 | -9/Scraptown | Visited LU-1G1's Boring Crew 5148 | -9/Scraptown | Met Optimus 5148 | -9/Scraptown | Accepted into 0bPrime 5548 | -9/Scraptown | Civil war broke out across Scraptown 5612 | -9/Scraptown | Core integrity fell below 50% 5632 | -9/Scraptown | Core integrity fell below 20% 5638 | -9/Scraptown | Destroyed by X-62 Marksman with Pulse Rifle Last Messages --------------- 05621_ NE-VX2(x) destroyed. 05622_ Penetrated by Slug. 05622_ Adv. Terrain Scanner destroyed. 05623_ B-48 Gladiator suffers critical hit (Burn). 05623_ B-48 Gladiator overheating. 05624_ B-48 Gladiator heat damages Imp. Light Armor Plating. 05624_ Penetrated by Slug. 05624_ Chainsword destroyed. 05624_ B-48 Gladiator destroyed. 05625_ Slug penetrates Machine. 05627_ Penetrated by Slug. 05628_ Slug penetrates B-48 Gladiator. 05631_ Penetrated by Slug. 05631_ Slug penetrates B-48 Gladiator. 05632_ Penetrated by Slug. 05634_ Slug penetrates B-48 Gladiator. 05635_ Lgt. Treads fries itself beyond repair. 05635_ Penetrated by Slug. 05638_ Lgt. Treads fries itself beyond repair. 05638_ Penetrated by Slug. Map ----- +----------------------------------------------------+ | "## " [""""#??????? | | "## """"##?????? | | """"#??????? | | """""""""""""""""""""""" "## """""""""##?????? | | """""""""""""""""""""""" "## ""!""""""#???#??? | | #### ################"" "## """""""""?#?????? | | ##???######"" "###############????? | | X"##??###??#"" "## #"""""#""###????? | | "" "" ##???##?###"" "## ! ! !##?#?#?? | | "" "" X"#?#?#####" "## ###??#?? | | " " ######### # ! "## ######?? | | "" X" #???#??? | | "" =!! "## ##"#?##?#?? | | " " ######### #""M= "## !!!!!# ??#?#???# | | "" "" ""####?#####""*[ "## #"""""# ??#???## | | "" "" #####??#??#"" "##########???####?#? | | X"####?###?#"" "#?###??##??###?#??## | | ##??#?###?#"" "###?#######?##?#???? | | #### ################"" ##############???##? | | """""""""""""""""""""""" ## """"""""##?###? | | """"""""""""""" """"""" %* = "######? | | =h%=## """""" "######? | | =!=! /x=%## " " "####### | | =%[%* % [## " "####### | | !*[! b=*!## " " "##?#### | | = =%[ @ =%/%; """""" "####### | | """""""" """"" "" %!## " "####### | | ######## #########;# ###### =!## """"""""""###?### | | #" "# ##" ################?### | | "##"" ""## ### ##########?######### | | "&##!" "]## # # ### ###?##?############# | | "&##"" ""## #=!*#/|### #################### | | &#" "#]]# ]=#! ### ###?###########?#### | | ""##"" ""############## "#############??#### | | ""##=" "&####?######?## # ???#### | | ""##"" ""#######?##???# ## #?## | | ""#" """ "###?######### [! # ###?# | | ""#### "=" ######?#?####### [ * # ? #### | | ""#??#"###"# ?#?#??######## # ####### | | ###?###???###?#?##?######## #################### | | ??#?#?##################### #########?########## | | ??#"""?#"""##"""##"""##"|"# """"###?###?######## | | "## ""##" "##"""##""|##" # "" "####?#?########? | | "######?######### | | " "##?####??#?##### | | """"###########?#?## | | "##"""##""|##"|"##!!$##""|## #######?############# | | ??#"""?#"""##"""##"""##"""#########?####?######### | | ???????#############################?####?######## | | #?????????????????#####?####################??#### | +----------------------------------------------------+ Best States ------------- Heat Dissipation 25 Energy Generation 18 Energy Capacity 300 Matter Stores 300 Matter Capacity 300 Sight Range 16 Terrain Scan Range 20 Terrain Scan Density 10 Evasion (%) 55 Recoil Reduction 1 Item Schematics ----------------- None Robot Schematics ------------------ None Fabricated ------------ Nothing Repaired ---------- Nothing Studied --------- None Alien Tech Used ----------------- None Achievements -------------- Strength In Numbers Challenges ------------ None Game ------ Seed VampiricDeliveryPick Manual? 0 Play Time 00:22:28 Cumulative 46.2 hours Start 2026.07.30 @ 21:24:37 End 2026.07.30 @ 21:47:55 Sessions 1 Manual Loads 0 Difficulty Rogue Special Mode None Game No. 76 Rogue 76 Adventurer 0 Explorer 0 Win Type - Total 0 Types 0/0/0/0/0/0/0/0/0/0 Lore% 37 Gallery% 35 Achievement% 21 Wizard Run 0 Options --------- Layout 0 ASCII 0 Keyboard 0 Movement Mouse Keybinds 0 Fullscreen 1 Font 18/SmallcapsGlow Map View 76x50 Zoom Use 0% Tactical HUD 1 Map Filters NONE Filters NONE Steam 1 RUN: 84c2420a-dff9-4d49-aa2d-58f7432396c5